 Dungeon Crawl Stone Soup version 0.23.2-33-g5129a83 (webtiles) character file.

Game seed: 17423970919171674913

2919 bluebie the Grappler (level 9, -16/133 HPs)
             Began as a Troll Monk on July 15, 2019.
             Was an Elder of Makhleb.
             Demolished by an eight-headed hydra (17 damage)
             ... on level 7 of the Dungeon.
             The game lasted 00:19:59 (5066 turns).

bluebie the Grappler (Troll Monk)                   Turns: 5066, Time: 00:19:59

Health: -16/133    AC:  9    Str: 29    XL:     9   Next: 50%
Magic:  0/8        EV: 16    Int:  6    God:    Makhleb [****..]
Gold:   415        SH:  0    Dex: 12    Spells: 8/8 levels left

rFire    . . .     SeeInvis .     - Unarmed
rCold    + . .     Gourm    +   (no shield)
rNeg     . . .     Faith    .   A - +1 robe {rC+}
rPois    +         Spirit   +   (helmet restricted)
rElec    .         Reflect  .   v - +1 cloak
rCorr    .         Harm     .   (gloves unavailable)
MR       .....                  (boots unavailable)
Stlth    ..........             j - amulet of guardian spirit
HPRegen  0.72/turn              x - +4 ring of evasion
MPRegen  0.11/turn              r - ring of poison resistance

@: berserking, very quick
A: large, unfitting armour, claws 3, fast metabolism 3, gourmand, regeneration
1, shaggy fur 1, tough skin 3
a: Minor Destruction, Lesser Servant of Makhleb, Major Destruction, Renounce
Religion


You were on level 7 of the Dungeon.
You worshipped Makhleb.
Makhleb was greatly pleased with you.
You were very full.

You visited 1 branch of the dungeon, and saw 7 of its levels.

You collected 554 gold pieces.
You spent 139 gold pieces at shops.

Inventory:

Hand Weapons
 o - a +1 hunting sling of velocity
Missiles
 m - 4 curare-tipped needles
 p - 221 stones (quivered)
Armour
 v - a +1 cloak (worn)
 A - a +1 robe of cold resistance (worn)
Jewellery
 j - an amulet of guardian spirit (around neck)
 l - an uncursed ring of resist corrosion
 r - a ring of poison resistance (right claw)
 w - an uncursed ring of wizardry {unknown}
 x - a +4 ring of evasion (left claw)
 z - an uncursed ring of fire
Wands
 a - a wand of flame (11)
 t - a wand of digging (6)
 y - a wand of acid (6)
Scrolls
 c - a scroll of amnesia {unknown}
 e - 4 scrolls of magic mapping {unknown}
 f - 4 scrolls of teleportation {unknown}
 g - a scroll of enchant weapon {unknown}
 h - 2 scrolls of remove curse {unknown}
 i - 2 scrolls of blinking {unknown}
 u - 2 scrolls of enchant armour {unknown}
 D - 2 scrolls of identify
 E - a scroll of acquirement {unknown}
Potions
 k - a potion of cancellation {unknown}
 q - a potion of brilliance {unknown}
 s - a potion of might
 B - a potion of curing {unknown}
 C - a potion of heal wounds {unknown}
 F - a potion of lignification {unknown}
Comestibles
 b - 14 rations


   Skills:
 * Level 5.6 Fighting
 + Level 5.2 Dodging
 + Level 2.6 Stealth
 + Level 10.0 Unarmed Combat


You had 8 spell levels left.
You didn't know any spells.
Your spell library contained the following spells:

 Spells                   Type           Power        Failure   Level  Hunger
 Corona                   Hex            #......      45%         1    ##.....
 Ensorcelled Hibernation  Hex/Ice        #.....       58%         2    ###....
 Confuse                  Hex            #.......     83%         3    ####...
 Dazzling Spray           Conj/Hex       #.....       83%         3    ####...
 Tukima's Dance           Hex            #.......     83%         3    ####...
 Summon Lightning Spire   Summ/Air       #.......     99%         4    #####..
 Iskenderun's Battlesphe  Conj/Chrm      #.......     100%        5    ######.
 Lightning Bolt           Conj/Air       #.........   100%        5    ######.
 Conjure Ball Lightning   Conj/Air       #.........   100%        6    #######


Dungeon Overview and Level Annotations

Branches:
Dungeon (7/15)             Temple (0/1) D:5

Altars:
Fedhas
Makhleb
Okawaru
Uskayaw
Vehumet

Shops:
D:5 [


Innate Abilities, Weirdness & Mutations

You are too large for most types of armour.
You have claws for hands.
Your metabolism is lightning-fast.
You like to eat raw meat.
Your natural rate of healing is unusually fast.
You are covered in fur. (AC +1)
You have extremely tough skin. (AC +3)


Message History

The eight-headed hydra bites you!
* * * LOW HITPOINT WARNING * * *
The eight-headed hydra misses you.
The eight-headed hydra bites you but does no damage.
The eight-headed hydra bites you.
The eight-headed hydra bites you but does no damage.
The eight-headed hydra bites you!
* * * LOW HITPOINT WARNING * * *
It was a potion of berserk rage.
A red film seems to cover your vision as you go berserk!
You feel yourself moving faster!
You feel mighty!
The eight-headed hydra closely misses you. x2
The eight-headed hydra bites you but does no damage.
The eight-headed hydra bites you!
* * * LOW HITPOINT WARNING * * *
The eight-headed hydra bites you but does no damage.
The eight-headed hydra bites you!
* * * LOW HITPOINT WARNING * * *
The eight-headed hydra bites you!
You die...

.'## #..#...#................
.#.#### #..###........#......
.##.#.## #..###.......##......
.#.#.#.#### #..#....#######......
.##.#.#)#.###.##>...# #......
##.#.#.#.#..#......## #......
###.#.#.#.###..#.#.#### ###.###
.#.#.#.####....#.[[...## #.#
#+#.#.###.......@<###..# #.#
##.####...##....D.# ##.# #.#
.'###.....#.......####.######.#
###..(......#.....##.......##.#
........##.....>..##.......##.#
......#######..............#..#
.....## ###....#..........#
#.....# #............#..#
....#.##########..#........#..###


You could see an eight-headed hydra.

Vanquished Creatures
  Pikel (D:7)
  A hippogriff (D:7)
  Sigmund (D:2)
  A hungry ghost (D:7)
  A black bear (D:7)
  A phantom (D:5)
  A slave (D:7)
  An ice beast (D:7)
  3 ogres
  A centaur (D:7)
  5 bullfrogs
  A gnoll sergeant (D:7)
  A killer bee (D:7)
  A wight (D:7)
  5 crimson imps
  A bullfrog zombie (D:7)
  2 hounds (D:4)
  Crazy Yiuf (D:3)
  2 orc priests (D:6)
  3 orc wizards
  3 iguanas
  7 worker ants
  Terence (D:2)
  A hound zombie (D:6)
  2 worker ant zombies
  11 adders
  3 gnolls (D:7)
  2 oozes
  2 adder skeletons
  3 worms
  A dart slug (D:2)
  6 leopard geckos
  20 orcs
  5 giant cockroaches
  13 goblins
  8 hobgoblins
  3 jackals (D:2)
  8 kobolds
  3 quokkas
  9 bats
  9 frilled lizards
  2 jackal skeletons (D:5)
  3 leopard gecko skeletons
  2 quokka skeletons
  7 rats
168 creatures vanquished.

Vanquished Creatures (others)
  A slave (D:7)
  An ogre (D:7)
  A killer bee zombie (D:7)
  A plant (D:6)
4 creatures vanquished.

Grand Total: 172 creatures vanquished

Notes
Turn   | Place    | Note
-------+----------+-------------------------------------------
     0 | D:1      | bluebie the Troll Monk began the quest for the Orb.
     0 | D:1      | Reached XP level 1. HP: 22/22 MP: 0/0
    84 | D:1      | Reached XP level 2. HP: 24/29 MP: 1/1
   357 | D:1      | Reached XP level 3. HP: 30/36 MP: 2/2
   564 | D:2      | Noticed Terence
   572 | D:2      | Killed Terence
   572 | D:2      | Reached XP level 4. HP: 43/45 MP: 3/3
   812 | D:2      | Noticed Sigmund
   826 | D:2      | Killed Sigmund
   826 | D:2      | Reached skill level 4 in Unarmed Combat
   826 | D:2      | Reached XP level 5. HP: 41/53 MP: 4/4
  1077 | D:2      | Found a blossoming altar of Fedhas.
  1078 | D:2      | Found a burning altar of Makhleb.
  1083 | D:2      | Became a worshipper of Makhleb the Destroyer
  1083 | D:2      | Reached * piety under Makhleb
  1083 | D:2      | Reached ** piety under Makhleb
  1202 | D:2      | Reached skill level 5 in Unarmed Combat
  1378 | D:3      | Reached XP level 6. HP: 57/61 MP: 3/5
  1437 | D:3      | Found a runed translucent door.
  1438 | D:3      | Noticed Crazy Yiuf
  1576 | D:3      | Found a radiant altar of Vehumet.
  2013 | D:3      | Killed Crazy Yiuf
  2420 | D:4      | Reached XP level 7. HP: 68/68 MP: 6/6
  2516 | D:4      | Reached skill level 6 in Unarmed Combat
  2727 | D:4      | Found an iron altar of Okawaru.
  2731 | D:4      | Reached *** piety under Makhleb
  2814 | D:5      | Entered Level 5 of the Dungeon
  2880 | D:5      | Found a staircase to the Ecumenical Temple.
  3213 | D:5      | Found Jallos's Armour Emporium.
  3222 | D:5      | Bought a +1 robe of cold resistance for 139 gold pieces
  3604 | D:6      | Reached skill level 7 in Unarmed Combat
  3648 | D:6      | Reached XP level 8. HP: 60/79 MP: 5/7
  3919 | D:6      | Found a blossoming altar of Fedhas.
  4327 | D:6      | Reached skill level 8 in Unarmed Combat
  4351 | D:6      | Found a hide-covered altar of Uskayaw.
  4441 | D:7      | Noticed Pikel
  4454 | D:7      | Killed Pikel
  4454 | D:7      | Reached skill level 5 in Fighting
  4454 | D:7      | Reached XP level 9. HP: 62/88 MP: 4/8
  4505 | D:7      | Reached skill level 9 in Unarmed Combat
  4650 | D:7      | Reached skill level 5 in Dodging
  4687 | D:7      | Reached **** piety under Makhleb
  4760 | D:7      | Reached skill level 10 in Unarmed Combat
  4814 | D:7      | Identified the Disquisition on Lucky Weightlessness
  4964 | D:7      | Noticed a death knight
  4964 | D:7      | Noticed a kobold demonologist
  4965 | D:7      | Noticed a five-headed hydra
  5066 | D:7      | HP: 1/133 [eight-headed hydra (7)]
  5066 | D:7      | Demolished by an eight-headed hydra

Skill      XL: |  1  2  3  4  5  6  7  8  9 |
---------------+----------------------------+-----
Fighting       | 3 4 5 |  5.6
Dodging        | 3 4 5 |  5.2
Unarmed Combat | 4 5 7 8 10 | 10.0
Stealth        | 2 |  2.6

Action                   |  1- 3 |  4- 6 |  7- 9 || total
-------------------------+-------+-------+-------++-------
Melee: Unarmed           |    83 |   194 |   276 ||   553
       Punch             |     1 |     6 |    13 ||    20
  Use: Scroll            |       |       |     5 ||     5
       Potion            |       |       |     2 ||     2
 Stab: Sleeping          |     4 |     5 |       ||     9
  Eat: Chunk             |    11 |    17 |    30 ||    58
Armor: Robe              |    40 |    66 |    76 ||   182
Dodge: Dodged            |    57 |    75 |   198 ||   330
